 Dungeon Crawl Stone Soup version 0.31-a0-986-g5e6e4ef867 (webtiles) character file.

Game seed: 155935197332603930

1523 Skeral the Covert (level 8, -6/39 HPs)
             Began as a Felid Delver on Nov 13, 2023.
             Was an Initiate of Gozag.
             Killed by divine providence
             ... invoked by an orc priest
              (16 damage)
             ... on level 6 of the Dungeon.
             The game lasted 00:20:28 (6784 turns).

Skeral the Covert (Felid Delver)                    Turns: 6784, Time: 00:20:29

Health: -6/39      AC:  2    Str:  8    XL:     8   Next: 54%
Magic:  9/9        EV: 22    Int: 11    God:    Gozag
Gold:   765        SH:  0    Dex: 20    Spells: 7/7 levels left
                                        Lives:  0   Deaths: 3

rFire   . .          .
                       - Unarmed
rCold   . . .        (shield unavailable)
rNeg    . . .        (body armour unavailable)
rPois   .            (helmet unavailable)
rElec   .            (cloak unavailable)
rCorr   .            (gloves unavailable)
SInv    +            (boots unavailable)
Will    +....        (no amulet)
Stlth   ++++         (no ring)
HPRegen 0.26/turn    (no ring)
MPRegen 0.11/turn

%: no passive effects
@: gold aura, quick
A: very small, claws 1, fangs 3, see invisible, speed 1, shaggy fur 2, stealthy
paws, no weapons or thrown items, no armour, multi-lived
a: Renounce Religion, Potion Petition, Call Merchant, Bribe Branch


You were on level 6 of the Dungeon.
You worshipped Gozag.
Gozag was pleased with you.
You visited 2 branches of the dungeon, and saw 7 of its levels.
You also visited: Sewer.

You collected 859 gold pieces.
You paid 94 gold pieces to Gozag.


Innate Abilities, Weirdness & Mutations

You have sharp claws.
You have razor-sharp teeth.
You have supernaturally acute eyesight. (SInv)
You cover ground quickly. (Speed+)
You are covered in thick fur. (AC +2)
Your paws help you pounce on unaware monsters.
You are incapable of wielding weapons or throwing items.
You cannot wear armour.
You gain extra lives every three experience levels.


   Skills:
 + Level 6.5 Fighting
 - Level 7.3 Dodging
 - Level 8.0 Stealth
 + Level 6.1 Unarmed Combat
 + Level 3.0 Shapeshifting


You had 7 spell levels left.
You didn't know any spells.
Your spell library contained the following spells:

 Spells                   Type           Power      Damage    Failure   Level
 Blink                    Tloc           0%         N/A       47%         2
 Ensorcelled Hibernation  Hex/Ice        0%         N/A       47%         2
 Lesser Beckoning         Tloc           0%         N/A       47%         2
 Momentum Strike          Conj/Tloc      0%         3d8       47%         2
 Passwall                 Tmut/Erth      0%         N/A       47%         2
 Swiftness                Air            0%         N/A       71%         3
 Anguish                  Hex/Necr       0%         N/A       98%         4
 Cause Fear               Hex            0%         N/A       98%         4
 Iskenderun's Battlesphe  Conj           0%         2d6       100%        5
 Bombard                  Conj/Erth      0%         9d1       100%        6
 Enfeeble                 Hex            0%         N/A       100%        7
 Spellforged Servitor     Conj/Summ      0%         N/A       100%        7

Inventory:

Jewellery
 C - a ring of ice
   (You found it on level 2 of the Dungeon)
Talismans
 x - a maw talisman
   (You found it on level 6 of the Dungeon)
Wands
 e - a wand of digging (3)
 q - a wand of charming (13)
   (You found it on level 6 of the Dungeon)
 w - a wand of iceblast (8)
   (You found it on level 5 of the Dungeon)
Scrolls
 a - 2 scrolls of fog
 b - a scroll of revelation
 c - a scroll of teleportation {@r4}
 g - 2 scrolls of brand weapon {unknown}
 j - a scroll of poison {unknown}
 k - 2 scrolls of immolation {unknown}
 l - a scroll of torment {unknown}
 s - 2 scrolls of fear
 t - a scroll of vulnerability {unknown}
 y - a scroll of blinking {unknown}
 z - a scroll of butterflies {unknown}
 A - a scroll of silence {!r}
Potions
 d - a potion of resistance
 f - a potion of cancellation
 h - a potion of magic
 i - a potion of curing {@q1}
 m - 3 potions of attraction {!q}
 n - 2 potions of brilliance
 o - 6 potions of enlightenment
 p - a potion of heal wounds {unknown}
 r - a potion of lignification {!q}
 u - a potion of haste {@q3}
 v - a potion of mutation {unknown}

Dungeon Overview and Level Annotations

Branches:
Dungeon (6/15) Zot: 25405  Temple (1/1) D:5 Zot: 5974   Sewer (visited)

Altars:
Ashenzari
Dithmenos
Elyvilon
Fedhas
Gozag
Hepliaklqana
Kikubaaqudgha
Makhleb
Nemelex Xobeh
Okawaru
Sif Muna
Trog
Wu Jian
Xom
Yredelemnul
Zin PoP.

#####...
._o.#
#.......
P..#
##.......
...
#.......
#.##.#$.#
#...<.5o#
#$...##o#
#..##.##o#
.....
#.##@#
#####.
..##.# ..
.###.###
.. #
#....# ###
#....#
#....###
#......#
######.#
####.....#


You could see 2 orc priests, an orc wizard and a shadow imp.


Message History

You catch the helpless iguana completely off-guard!
You mangle the iguana!!
You kill the iguana! 😮 HP[+1]
You now have 37 max hp (+1).
You closely miss the scorpion. The scorpion barely misses you.
You completely miss the scorpion. The scorpion closely misses you.
You claw the scorpion! The scorpion stings you. 😮 HP[-4]
You take 4 damage, and now have 20/37 hp.
You scratch the scorpion.
The scorpion completely misses you. 😮 HP[+1]
You scratch the scorpion.
You bite the scorpion, but do no damage.
The scorpion completely misses you.
You claw the scorpion!
You kill the scorpion!
Your life force feels restored.
Your Shapeshifting skill increases to level 3!
You now have 39 max hp (+2).
You start resting. 😎 HP[+18]
Your hp is fully restored (39).
You now have 765 gold pieces (gained 30).
Things that are here:
a +0 hand axe; a +0 scale mail
Okay, then.
B - a scroll of identify {@r1}
As you read the scroll of identify {@r1}, it crumbles to dust.
A - a scroll of silence An ogre comes into view.
It is wielding a +0 giant club.
An orc comes into view. It is wielding a +0 dagger.
The orc priest shouts!
You hear a shout! x2
A shadow imp comes into view.
The orc wizard shouts!
The shadow imp moves out of view.
Aiming: Charm
Press: ? - help, Shift-Dir - straight line, f - orc priest
Aim: an orc priest, wielding a +0 whip and wearing a +0 leather armour (chance to affect: 49%)
The orc priest is charmed.
The orc priest mumbles some strange prayers to Beogh against you.
Beogh smites you!
The orc hits your orc priest but does no damage. 😮 HP[-14]
You take 14 damage, and now have 25/39 hp.
MASSIVE DAMAGE!! (PAUSE)
You barely miss the orc wizard.
The orc priest completely misses your orc priest.
Your orc priest misses the orc.
The orc hits your orc priest with a +0 dagger.
The orc wizard points at you and mumbles some strange words.
The puff of flame hits you!
* * * LOW HITPOINT WARNING * * *
😨 HP[-9]
You take 9 damage, and now have 16/39 hp.
MASSIVE DAMAGE!! (PAUSE)
Aiming: Iceblast
Press: ? - help, Shift-Dir - straight line, f - orc wizard, p - orc priest
Aim: an orc wizard, wielding a +0 dagger and wearing a +0 robe The mass of ice explodes!
The iceblast engulfs the orc wizard!
The iceblast engulfs your orc priest!
The orc priest is no longer charmed.
The iceblast engulfs the orc!
You kill the orc!
The iceblast engulfs the orc priest! 😨 HP[+1]
You closely miss the orc wizard.
You bite the orc wizard, but do no damage.
The orc priest invokes the aid of Beogh against you.
Beogh smites you!
* * * LOW HITPOINT WARNING * * *
The orc wizard misses you. 😱 HP[-9]
You take 9 damage, and now have 8/39 hp.
MASSIVE DAMAGE!! (PAUSE)
The orc priest casts a cantrip, but nothing happens.
You scratch the orc wizard.
You bite the orc wizard, but do no damage.
The orc wizard misses you.
You feel better.
The orc priest calls upon Beogh to heal the orc priest.
The orc priest is healed somewhat.
The orc wizard hits you with a +0 dagger.
* * * LOW HITPOINT WARNING * * *
😨 HP[+5]
You regained 5 hp, and now have 13/39 hp.
You completely miss the orc wizard.
The orc priest invokes the aid of Beogh against you.
Beogh smites you!
* * * LOW HITPOINT WARNING * * *
The orc wizard hits you with a +0 dagger.
* * * LOW HITPOINT WARNING * * *
😱 HP[-12]
You take 12 damage, and now have 1/39 hp.
MASSIVE DAMAGE!! (PAUSE)
You feel better. The orc wizard completely misses you.
The orc priest invokes the aid of Beogh against you.
Beogh smites you!
You die...
Your body crumbles into a pile of gold.

Skill      XL: |  1  2  3  4  5  6  7  8 |
---------------+-------------------------+-----
Stealth        | 7 8 |  8.0
Unarmed Combat | 3 4 5 6 |  6.1
Dodging        | 3 4 5 6 7 |  7.3
Fighting       | 4 5 6 |  6.5
Shapeshifting  | 1 3 |  3.0

Action                     |  1- 3 |  4- 6 |  7- 9 || total
---------------------------+-------+-------+-------++-------
  Melee: Unarmed           |   109 |   175 |   240 ||   524
         Bite              |    14 |    18 |    27 ||    59
         Punch             |     2 |     6 |     9 ||    17
  Evoke: Wand              |       |     1 |     5 ||     6
    Use: Scroll            |     1 |     2 |     6 ||     9
         Potion            |       |     5 |     5 ||    10
   Stab: Sleeping          |    12 |    14 |    11 ||    37
         Distracted        |       |     3 |     4 ||     7
 Armour: Skin              |    37 |    44 |    77 ||   158
  Dodge: Dodged            |    89 |   115 |   268 ||   472

Levels and vault maps discovered:
D:1:      matt_arrival_refuge, layout_basic
D:2:      layout_rooms, grunt_ministairs_15, minmay_misc_feat_enclosed,
          hex_large, uniq_crazy_yiuf_cottage, uniq_terence
D:3:      layout_basic
D:4:      layout_basic
D:5:      layout_cave_pods, temple_green, minmay_misc_feat_secret_circle,
          kennysheep_small_spiral, chequers_serial_rivers_room_a
D:6:      minmay_evil_eye, layout_rooms, yredelemnul_altar_generic,
          xom_redecorated, lightli_sewer_entry_pipes, uniq_eustachio
Temple:   jpeg_temple_clearing

Notes
Turn   | Place    | Note
-------+----------+-------------------------------------------
     0 | D:5      | Skeral the Felid Delver began the quest for the Orb.
     0 | D:5      | Reached XP level 1. HP: 10/10 MP: 2/2
     0 | D:5      | magus.rc [v1.10.3]
    20 | D:5      | Noticed an orc wizard
    39 | D:5      | Noticed an orc wizard
    44 | D:5      | Reached XP level 2. HP: 10/14 MP: 3/3
    71 | D:5      | HP: 3/14 [orc wizard/+0 dagger (3)]
    71 | D:5      | Slain by an orc wizard
    78 | D:5      | HP: 3/14 [acid (9)]
   283 | D:4      | Reached skill level 7 in Stealth
   378 | D:3      | Reached XP level 3. HP: 9/17 MP: 4/4
   975 | D:1      | You pick up a book of Spatial Translocations and begin
                  | reading...
   975 | D:1      | You add the spells Blink, Momentum Strike and Lesser
                  | Beckoning to your library.
  1067 | D:1      | Reached XP level 4. HP: 22/22 MP: 5/5
  1251 | D:1      | Reached skill level 3 in Unarmed Combat
  1550 | D:2      | Noticed Terence
  1796 | D:2      | You pick up a book of Power and begin reading...
  1796 | D:2      | You add the spells Iskenderun's Battlesphere, Bombard and
                  | Spellforged Servitor to your library.
  1890 | D:2      | Found a runed translucent door.
  1891 | D:2      | Noticed Crazy Yiuf
  1899 | D:2      | Slain by Crazy Yiuf
  2065 | D:3      | Noticed a scorpion
  2362 | D:3      | You pick up a book of Burglary and begin reading...
  2362 | D:3      | You add the spells Passwall, Ensorcelled Hibernation and
                  | Swiftness to your library.
  2367 | D:3      | Reached skill level 3 in Dodging
  2409 | D:3      | You pick up a book of Hexes and begin reading...
  2409 | D:3      | You add the spells Anguish, Cause Fear and Enfeeble to your
                  | library.
  2595 | D:4      | Reached skill level 4 in Fighting
  2699 | D:4      | Noticed an ice beast
  2812 | D:4      | Killed an ice beast
  2813 | D:4      | Reached XP level 5. HP: 25/25 MP: 6/6
  3037 | D:5      | Found a staircase to the Ecumenical Temple.
  3044 | Temple   | Entered the Ecumenical Temple
  3059 | Temple   | Became a worshipper of Gozag Ym Sagoz the Greedy
  3255 | D:5      | Reached skill level 8 in Stealth
  3261 | D:5      | Reached skill level 4 in Dodging
  3261 | D:5      | Gained mutation: You are covered in thick fur. (AC +2)
                  | [Felid growth]
  3261 | D:5      | Reached XP level 6. HP: 18/29 MP: 7/7
  3355 | D:5      | HP: 6/29 [orc wizard/+0 dagger (3)]
  3362 | D:5      | Reached skill level 4 in Unarmed Combat
  3704 | D:5      | Reached skill level 5 in Fighting
  3773 | D:5      | Reached skill level 5 in Dodging
  3773 | D:5      | Reached XP level 7. HP: 27/33 MP: 8/8
  4007 | D:5      | Killed from afar by an orc wizard
  4144 | D:6      | Noticed Eustachio
  4145 | D:6      | Found a shimmering altar of Xom.
  4151 | D:6      | Killed Eustachio
  4152 | D:6      | Reached skill level 5 in Unarmed Combat
  4217 | D:5      | HP: 4/31 [wight/+3 great sword (7)]
  4382 | D:6      | Found a shimmering altar of Xom.
  4383 | D:6      | Found a shimmering altar of Xom.
  4383 | D:6      | Found a shimmering altar of Xom.
  4384 | D:6      | Found a shimmering altar of Xom.
  4384 | D:6      | Found a shimmering altar of Xom.
  4384 | D:6      | Found a shimmering altar of Xom.
  4387 | D:6      | Reached skill level 6 in Dodging
  4387 | D:6      | Reached skill level 1 in Shapeshifting
  4505 | D:6      | Found a glowing drain.
  4545 | Sewer    | Entered a sewer
  5155 | Sewer    | HP: 6/34 [river rat (8)]
  5160 | Sewer    | Reached XP level 8. HP: 19/38 MP: 9/9
  5738 | D:6      | Found a basalt altar of Yredelemnul.
  5750 | D:6      | Reached skill level 6 in Fighting
  5761 | D:5      | Reached skill level 2 in Shapeshifting
  5973 | D:4      | HP: 9/38 [poisoned by a killer bee]
  6331 | D:2      | Killed Crazy Yiuf
  6332 | D:2      | Reached skill level 7 in Dodging
  6371 | D:2      | Killed Terence
  6650 | D:6      | Reached skill level 6 in Unarmed Combat
  6665 | D:6      | Reached skill level 3 in Shapeshifting
  6779 | D:6      | HP: 8/39 [orc priest/divine providence (9)]
  6783 | D:6      | HP: 3/39 [orc priest/divine providence (10)]
  6783 | D:6      | HP: 1/39 [orc wizard/+0 dagger (2)]
  6784 | D:6      | Killed from afar by an orc priest

Vanquished Creatures
  Eustachio (D:6)
  An ice beast (D:4)
  A centaur (D:6)
  A phantom (D:6)
  3 scorpions
  A wight (D:5)
  3 killer bees (D:4)
  A howler monkey (D:5)
  4 hounds
  Crazy Yiuf (D:2)
  3 orc priests (D:5)
  A jelly (D:5)
  Terence (D:2)
  3 orc wizards (D:5)
  2 iguanas
  12 adders
  6 river rats
  A shadow imp (D:5)
  2 ufetubi (D:6)
  5 worms
  3 dart slugs
  13 orcs
  3 endoplasms
  9 giant cockroaches
  2 goblins
  2 hobgoblins
  11 jackals
  8 kobolds
  10 quokkas
  13 ball pythons
  11 bats
  9 frilled lizards
  9 rats
156 creatures vanquished.

Table legend:
 A = Non-vault XP
 B = Vault XP
 C = Vault XP percentage of total XP
 D = Non-vault monster count
 E = Vault monster count
 F = Vault count percentage of total count
                 A         B        C        D         E       F
            +---------+---------+-------+---------+---------+-------
      Total |    1505 |     671 |  30.8 |     107 |      49 |  31.4
            +---------+---------+-------+---------+---------+-------
        D:1 |      56 |       0 |   0.0 |      32 |       0 |   0.0
        D:2 |      17 |      80 |  82.5 |      11 |       4 |  26.7
        D:3 |     127 |       0 |   0.0 |      14 |       0 |   0.0
        D:4 |     380 |       0 |   0.0 |      19 |       0 |   0.0
        D:5 |     678 |       0 |   0.0 |      24 |       0 |   0.0
        D:6 |     247 |     443 |  64.2 |       7 |      13 |  65.0
      Sewer |       0 |     148 | 100.0 |       0 |      32 | 100.0
            +---------+---------+-------+---------+---------+-------

Skill      XL: |  1  2  3  4  5  6  7  8 |
---------------+-------------------------+-----
Stealth        | 7 8 |  8.0
Unarmed Combat | 3 4 5 6 |  6.1
Dodging        | 3 4 5 6 7 |  7.3
Fighting       | 4 5 6 |  6.5
Shapeshifting  | 1 3 |  3.0

Action                     |  1- 3 |  4- 6 |  7- 9 || total
---------------------------+-------+-------+-------++-------
  Melee: Unarmed           |   109 |   175 |   240 ||   524
         Bite              |    14 |    18 |    27 ||    59
         Punch             |     2 |     6 |     9 ||    17
  Evoke: Wand              |       |     1 |     5 ||     6
    Use: Scroll            |     1 |     2 |     6 ||     9
         Potion            |       |     5 |     5 ||    10
   Stab: Sleeping          |    12 |    14 |    11 ||    37
         Distracted        |       |     3 |     4 ||     7
 Armour: Skin              |    37 |    44 |    77 ||   158
  Dodge: Dodged            |    89 |   115 |   268 ||   472

Illustrated notes

Table legend:
 A = Kills in this place as a percentage of kills in the entire game.
 B = Kills by you in this place as a percentage of kills by you in the entire game.
 C = Kills by friends in this place as a percentage of kills by friends in the entire game.
 D = Other kills in this place as a percentage of other kills in the entire game.
 E = Experience gained in this place as a percentage of experience gained in the entire game.
 F = Experience gained in this place divided by the number of levels of this place that you have seen.
                   A       B       C       D       E      F
               +-------+-------+-------+-------+-------+----------------------
         Total | 100.0 | 100.0 |   N/A |   N/A | 100.0 | 272.0
       Dungeon |  79.5 |  79.5 |   N/A |   N/A |  93.2 | 338.0
         Sewer |  20.5 |  20.5 |   N/A |   N/A |   6.8 | 148.0
               +-------+-------+-------+-------+-------+----------------------

Table legend: (Time is in decaauts)
 A = Elapsed time spent in this place.
 B = Non-inter-level travel time spent in this place.
 C = Inter-level travel time spent in this place.
 D = Time resting spent in this place.
 E = Time spent auto-exploring this place.
 F = Levels seen in this place.
 G = Mean time per level.
                   A        B        C        D        E       F      G
               +--------+--------+--------+--------+--------+-----+--------+
         Total |   6042 |   5675 |    367 |   1081 |   1931 |   8 |  755.2 |
       Dungeon |   5021 |   4665 |    356 |    963 |   1524 |   6 |  836.8 |
        Temple |     25 |     14 |     11 |      0 |      0 |   1 |   25.0 |
         Sewer |    995 |    995 |      0 |    118 |    407 |   1 |  995.0 |
               +--------+--------+--------+--------+--------+-----+--------+

Top non-repeatable levels by time:
     D:5: 1496 daAuts
   Sewer: 995 daAuts
     D:4: 847 daAuts
     D:1: 827 daAuts
     D:6: 696 daAuts
     D:3: 655 daAuts
     D:2: 497 daAuts
  Temple: 25 daAuts
